Rocket vs Marlies
Created - January 29, 2023 at 09:50
Goals
|
Rocket |
0 |
2 |
0 |
1 |
3 |
Marlies |
1 |
1 |
0 |
0 |
2 |
|
Shots
|
Rocket |
13 |
9 |
5 |
3 |
30 |
Marlies |
13 |
5 |
7 |
1 |
26 |
|
1st period
1. Marlies , Aleksi Saarela 12 (Pierre-Olivier Joseph 9) at 15:56 (PP)
Penalties :
Andrey Pedan (Lav) for Close Hand On Puck (Minor) at 1:41, Brett Pesce (Tor) for Hooking (Minor) at 8:37, Scott Wilson (Lav) for Roughing (Minor) at 15:52
2nd period
2. Rocket , Corey Trivino 14 (Scott Wilson 21, Brandon Pirri 22) at 9:04
3. Rocket , Brandon Pirri 13 (Corey Trivino 25, Danton Heinen 29) at 12:42
4. Marlies , Nicholas Baptiste 26 (Colton Sissons 22, Valentin Zykov 23) at 19:44
Penalties :
Scott Wilson (Lav) for Hooking (Minor) at 6:24, Pierre-Olivier Joseph (Tor) for Hooking (Minor) at 13:04
3rd period
No Goal
Penalties :
Valentin Zykov (Tor) for Cross-checking (Minor) at 2:44, Jiri Sekac (Lav) for Roughing (Double Minor) at 11:12, Brett Pesce (Tor) for Slashing (Minor) at 19:12
Overtime #1
5. Rocket , Brandon Pirri 14 (Adrian Kempe 31, Andrey Pedan 8) at 2:40
Penalties :
No Penalty
Goalie Stats
Igor Shesterkin (Lav), 24 saves from 26 shots - (0.923), W, 18-6-4, 62:40 minutes
Charlie Lindgren (Tor), 27 saves from 30 shots - (0.900), OTL, 12-9-1, 62:40 minutes
Players Stats for Rocket
Player Name G A P +/- PIM S H SB GA TA FO MP PP MP PK MP
------------------------------------------------------------------------------------
Adam Fox 0 0 0 0 0 1 1 2 2 3 0/0 25:19 4:18 0:23
Adrian Kempe 0 1 1 1 0 3 2 0 1 0 1/2 23:14 4:01 1:34
Andrei Mironov 0 0 0 2 0 0 2 1 1 2 0/0 23:32 4:18 3:26
Andrey Pedan 0 1 1 1 2 1 0 1 0 1 0/0 16:05 0:00 2:42
Brandon Pirri 2 1 3 3 0 6 0 2 0 0 1/2 16:37 2:37 2:01
Corey Trivino 1 1 2 2 0 4 1 0 0 0 6/18 17:42 4:01 1:50
Danton Heinen 0 1 1 0 0 5 6 0 1 0 1/2 22:15 4:04 0:00
Dean Kukan 0 0 0 0 0 0 0 1 0 0 0/0 14:17 0:00 1:48
Dominic Turgeon 0 0 0 0 0 0 0 1 1 0 3/4 12:35 0:06 2:10
Dylan DeMelo 0 0 0 -1 0 0 2 0 1 0 0/0 23:54 2:26 3:37
Jiri Sekac 0 0 0 0 4 2 2 0 0 0 0/0 12:48 0:06 1:48
Karson Kuhlman 0 0 0 -1 0 1 1 0 0 1 1/5 11:06 0:00 3:45
Kole Sherwood 0 0 0 -1 0 0 1 0 0 0 0/0 6:30 0:00 0:00
Peter Holland 0 0 0 0 0 1 2 0 2 0 9/21 20:24 2:37 0:00
Scott Wilson 0 1 1 2 4 3 2 0 1 0 0/0 16:58 2:37 2:41
Sergey Tolchinsky 0 0 0 -1 0 0 0 0 1 1 0/0 6:43 0:00 0:13
Ty Rattie 0 0 0 0 0 1 1 1 0 0 1/1 10:17 0:03 0:00
Viktor Loov 0 0 0 2 0 2 1 0 1 1 0/0 22:19 2:26 4:06
Players Stats for Marlies
Player Name G A P +/- PIM S H SB GA TA FO MP PP MP PK MP
------------------------------------------------------------------------------------
Aleksi Saarela 1 0 1 -1 0 1 1 0 2 1 5/10 17:18 2:43 1:37
Alex Formenton 0 0 0 -1 0 0 1 0 0 1 0/2 13:17 3:26 1:04
Brett Pesce 0 0 0 -1 4 1 4 2 0 0 0/0 24:54 4:10 2:17
Colton Sissons 0 1 1 0 0 5 1 1 1 2 18/30 23:09 3:27 4:45
Dennis Gilbert 0 0 0 -1 0 0 2 0 0 0 0/0 16:26 1:17 2:26
Jeff Corbett 0 0 0 0 0 3 0 0 0 1 0/0 20:58 0:14 4:58
Keaton Thompson 0 0 0 -1 0 1 0 1 0 1 0/0 18:40 3:15 2:58
Logan Brown 0 0 0 -2 0 1 2 0 0 2 3/5 13:59 1:06 1:51
Lucas Carlsson 0 0 0 -1 0 3 1 0 0 2 0/0 22:04 2:56 2:58
Martin Necas 0 0 0 0 0 3 3 0 1 0 0/0 15:24 2:43 0:00
Mathieu Olivier 0 0 0 -1 0 0 1 0 0 0 0/1 10:09 0:23 0:00
Matthew Highmore 0 0 0 0 0 0 1 1 0 1 2/3 9:34 1:06 0:00
Nicholas Baptiste 1 0 1 0 0 3 1 0 2 0 1/1 21:55 3:24 3:36
Otto Koivula 0 0 0 0 0 1 0 0 0 0 0/0 8:51 0:23 0:00
Pierre-Olivier Joseph 0 1 1 0 2 1 1 3 0 0 0/0 22:44 4:10 0:15
Tobias Lindberg 0 0 0 0 0 0 1 0 0 0 0/0 9:47 1:19 0:00
Tyler Benson 0 0 0 0 0 0 2 1 0 0 1/1 15:39 0:33 1:47
Valentin Zykov 0 1 1 0 2 3 2 0 3 1 2/2 17:52 3:30 0:00
3 Stars
1 - Brandon Pirri (Lav)
2 - Corey Trivino (Lav)
3 - Danton Heinen (Lav)
Power Play
Rocket - 0 on 4 Attempt(s) - 0.00%
Marlies - 1 on 5 Attempt(s) - 20.00%
Penalty Kill
Rocket - 4 on 5 Attempt(s) - 80.00%
- Score 0 goal in Penalty Kill
Marlies - 4 on 4 Attempt(s) - 100.00%
- Score 0 goal in Penalty Kill
Team Stat
Rocket - Hits : 24 - Faceoff Wins : 23 - Blocked Shots : 9 - Penalty Minutes : 10
Marlies - Hits : 24 - Faceoff Wins : 32 - Blocked Shots : 9 - Penalty Minutes : 8
Official
Referees : Kevin Pollock and Tim Peel
Linesman : Jesse Marquis and Vaughan Rody
Game Notes
No Game Note
Finance
Level 1 -- Attendance: 1878 (93.90%) -- Ticket Income $65,730
Level 2 -- Attendance: 1000 (100.00%) -- Ticket Income $15,000
Total Attendance: 2878 (95.93%)
Total Ticket Income: $80,730
Other Income: $4,036
Total Income: $84,766
Rocket
5 vs 5 Forward
Center Left Wing Right Wing Time % Phy DF OF
1 Peter Holland Adrian Kempe Danton Heinen 40 0 1 4
2 Corey Trivino Brandon Pirri Scott Wilson 30 0 1 4
3 Dominic Turgeon Jiri Sekac Ty Rattie 20 0 2 3
4 Karson Kuhlman Sergey Tolchinsky Kole Sherwood 10 1 2 2
5 vs 5 Defense
Defense Defense Time % Phy DF OF
1 Adam Fox Dylan DeMelo 40 0 3 2
2 Viktor Loov Andrei Mironov 30 0 3 2
3 Dean Kukan Andrey Pedan 20 0 3 2
4 Andrei Mironov Adam Fox 10 0 3 2
PowerPlay Forward
Center Left Wing Right Wing Time % Phy DF OF
1 Corey Trivino Adrian Kempe Danton Heinen 60 0 1 4
2 Peter Holland Brandon Pirri Scott Wilson 40 0 1 4
PowerPlay Defense
Defense Defense Time % Phy DF OF
1 Andrei Mironov Adam Fox 60 0 1 4
2 Viktor Loov Dylan DeMelo 40 0 1 4
Penalty Kill 4 Players Forward
Center Wing Time % Phy DF OF
1 Karson Kuhlman Scott Wilson 60 0 4 1
2 Dominic Turgeon Jiri Sekac 40 0 4 1
Penalty Kill 4 Players Defense
Defense Defense Time % Phy DF OF
1 Viktor Loov Dylan DeMelo 60 0 5 0
2 Andrey Pedan Andrei Mironov 40 0 5 0
Penalty Kill - 3 Players Forward
Forward Time % Phy DF OF
1 Dominic Turgeon 60 0 5 0
2 Karson Kuhlman 40 0 5 0
Penalty Kill - 3 Players Defense
Defense Defense Time % Phy DF OF
1 Viktor Loov Dean Kukan 60 0 5 0
2 Andrey Pedan Andrei Mironov 40 0 5 0
4 vs 4 Forward
Center Wing Time % Phy DF OF
1 Peter Holland Danton Heinen 60 1 2 2
2 Corey Trivino Adrian Kempe 40 1 2 2
4 vs 4 Defense
Defense Defense Time % Phy DF OF
1 Viktor Loov Adam Fox 60 1 2 2
2 Andrey Pedan Andrei Mironov 40 1 2 2
Last Minutes Offensive
Center Left Wing Right Wing Defense Defense
Corey Trivino Adrian Kempe Danton Heinen Adam Fox Dylan DeMelo
Last Minutes Defensive
Center Left Wing Right Wing Defense Defense
Corey Trivino Jiri Sekac Danton Heinen Andrei Mironov Andrey Pedan
Goaltenders
Starting : Igor Shesterkin
Backup : Eamon McAdam
Extra Forwards
Normal : Adrian Kempe, Danton Heinen, Brandon Pirri - PP : Danton Heinen, Adrian Kempe - PK : Jiri Sekac
Extra Defensemen
Normal : Adam Fox, Dylan DeMelo, Andrey Pedan - PP : Adam Fox - PK : Dean Kukan, Andrey Pedan
Penalty Shots
Brandon Pirri, Danton Heinen, Corey Trivino, Peter Holland, Adrian Kempe
Scratches
Branden Troock (Healthy), Dalton Smith (Healthy), Daniel Sprong (Healthy), Reese Johnson (Healthy), Guillaume Brisebois (Healthy)
Jack Glover (Healthy), Jakub Vrana (Healthy), Mason Appleton (Healthy), Ryan Collins (Healthy), Tyler Lewington (Healthy)
MacKenzie Entwistle (Healthy), Luke Kunin (Healthy), Mikhail Maltsev (Healthy)
Marlies
5 vs 5 Forward
Center Left Wing Right Wing Time % Phy DF OF
1 Colton Sissons Valentin Zykov Nicholas Baptiste 40 0 2 3
2 Aleksi Saarela Tyler Benson Martin Necas 30 1 2 2
3 Logan Brown Alex Formenton Mathieu Olivier 20 1 2 2
4 Matthew Highmore Otto Koivula Tobias Lindberg 10 1 3 1
5 vs 5 Defense
Defense Defense Time % Phy DF OF
1 Brett Pesce Pierre-Olivier Joseph 40 1 2 2
2 Lucas Carlsson Jeff Corbett 30 1 2 2
3 Dennis Gilbert Keaton Thompson 20 1 2 2
4 Brett Pesce Jeff Corbett 10 1 2 2
PowerPlay Forward
Center Left Wing Right Wing Time % Phy DF OF
1 Colton Sissons Valentin Zykov Nicholas Baptiste 60 1 2 2
2 Aleksi Saarela Alex Formenton Martin Necas 40 1 2 2
PowerPlay Defense
Defense Defense Time % Phy DF OF
1 Brett Pesce Pierre-Olivier Joseph 60 1 2 2
2 Keaton Thompson Lucas Carlsson 40 1 2 2
Penalty Kill 4 Players Forward
Center Wing Time % Phy DF OF
1 Colton Sissons Nicholas Baptiste 60 1 2 2
2 Logan Brown Tyler Benson 40 1 2 2
Penalty Kill 4 Players Defense
Defense Defense Time % Phy DF OF
1 Brett Pesce Jeff Corbett 60 1 2 2
2 Keaton Thompson Lucas Carlsson 40 1 2 2
Penalty Kill - 3 Players Forward
Forward Time % Phy DF OF
1 Colton Sissons 60 1 2 2
2 Logan Brown 40 1 2 2
Penalty Kill - 3 Players Defense
Defense Defense Time % Phy DF OF
1 Brett Pesce Jeff Corbett 60 1 2 2
2 Keaton Thompson Lucas Carlsson 40 1 2 2
4 vs 4 Forward
Center Wing Time % Phy DF OF
1 Colton Sissons Nicholas Baptiste 60 1 2 2
2 Logan Brown Valentin Zykov 40 1 2 2
4 vs 4 Defense
Defense Defense Time % Phy DF OF
1 Brett Pesce Lucas Carlsson 60 1 2 2
2 Pierre-Olivier Joseph Jeff Corbett 40 1 2 2
Last Minutes Offensive
Center Left Wing Right Wing Defense Defense
Colton Sissons Valentin Zykov Nicholas Baptiste Brett Pesce Lucas Carlsson
Last Minutes Defensive
Center Left Wing Right Wing Defense Defense
Colton Sissons Valentin Zykov Nicholas Baptiste Brett Pesce Lucas Carlsson
Goaltenders
Starting : Charlie Lindgren
Backup : Logan Thompson
Extra Forwards
Normal : Aleksi Saarela, Logan Brown, Mathieu Olivier - PP : Aleksi Saarela, Logan Brown - PK : Aleksi Saarela
Extra Defensemen
Normal : Keaton Thompson, Dennis Gilbert, Jeff Corbett - PP : Lucas Carlsson - PK : Brett Pesce, Dennis Gilbert
Penalty Shots
Logan Brown, Martin Necas, Alex Formenton, Nicholas Baptiste, Aleksi Saarela
Scratches
Elias Pettersson (Back Injury), Brycen Martin (Healthy), Marc McLaughlin (Healthy), Henri Ikonen (Healthy), Jaden Lindo (Healthy)
Jakob Forsbacka-Karlsson (Healthy), Dmitri Samorukov (Healthy), Radovan Bondra (Healthy), Simon Bourque (Healthy), Mike Hardman (Healthy)
Jonathan Davidsson (Healthy)
% Time on Ice - Rocket
Lines # - Real PCT - Wanted PCT - Time Play
Normal Forward
1 - 38% - 40% - 17:13
2 - 25% - 30% - 11:25
3 - 22% - 20% - 10:07
4 - 14% - 10% - 6:30
Normal Defense
1 - 40% - 40% - 18:19
2 - 30% - 30% - 13:35
3 - 26% - 20% - 11:43
4 - 4% - 10% - 1:38
PP Forward
1 - 61% - 60% - 4:07
2 - 39% - 40% - 2:37
PP Defense
1 - 64% - 60% - 4:18
2 - 36% - 40% - 2:26
PK Forward
1 - 74% - 60% - 5:55
2 - 26% - 40% - 2:06
PK Defense
1 - 59% - 60% - 4:44
2 - 41% - 40% - 3:17
PK3 Forward
1 - 0% - 60%
2 - 0% - 40%
PK3 Defense
1 - 0% - 60%
2 - 0% - 40%
44 Forward
1 - 84% - 60% - 2:14
2 - 16% - 40% - 0:26
44 Defense
1 - 67% - 60% - 1:47
2 - 33% - 40% - 0:53
Last Minute Offensive - 0:00
Last Minute Defensive - 0:00
Total
Forward - 62:40
Defense - 62:40
|
% Time on Ice - Marlies
Lines # - Real PCT - Wanted PCT - Time Play
Normal Forward
1 - 32% - 40% - 14:23
2 - 31% - 30% - 13:52
3 - 19% - 20% - 8:32
4 - 19% - 10% - 8:28
Normal Defense
1 - 39% - 40% - 17:29
2 - 33% - 30% - 15:07
3 - 24% - 20% - 11:02
4 - 4% - 10% - 1:37
PP Forward
1 - 57% - 60% - 4:35
2 - 43% - 40% - 3:26
PP Defense
1 - 52% - 60% - 4:10
2 - 48% - 40% - 3:51
PK Forward
1 - 76% - 60% - 5:06
2 - 24% - 40% - 1:38
PK Defense
1 - 59% - 60% - 3:59
2 - 41% - 40% - 2:45
PK3 Forward
1 - 82% - 60% - 0:59
2 - 18% - 40% - 0:13
PK3 Defense
1 - 82% - 60% - 0:59
2 - 18% - 40% - 0:13
44 Forward
1 - 77% - 60% - 1:08
2 - 23% - 40% - 0:20
44 Defense
1 - 27% - 60% - 0:24
2 - 73% - 40% - 1:04
Last Minute Offensive - 0:00
Last Minute Defensive - 0:00
Total
Forward - 62:40
Defense - 62:40
|
Play-by-Play
1st period
0:01 of 1st period - Peter Holland wins face-off versus Colton Sissons in neutral zone.
1:11 of 1st period - Off-side.
1:12 of 1st period - Peter Holland wins face-off versus Alex Formenton in neutral zone.
1:26 of 1st period - Off-side.
1:27 of 1st period - Valentin Zykov wins face-off versus Corey Trivino in neutral zone.
1:32 of 1st period - Snap shot by Colton Sissons.
1:32 of 1st period - Stopped by Igor Shesterkin without a rebound.
1:33 of 1st period - Valentin Zykov wins face-off versus Corey Trivino in Rocket zone.
1:34 of 1st period - Wrist shot by Nicholas Baptiste.
1:34 of 1st period - Shot Blocked by Andrei Mironov.
1:36 of 1st period - Backhand shot by Keaton Thompson.
1:36 of 1st period - Stopped by Igor Shesterkin with a rebound.
1:38 of 1st period - Slapshot by Dennis Gilbert.
1:38 of 1st period - Deflect By Valentin Zykov.
1:38 of 1st period - Shot Misses the Net.
1:38 of 1st period - Puck is out of play.
1:39 of 1st period - Danton Heinen wins face-off versus Aleksi Saarela in Rocket zone.
1:41 of 1st period - Minor Penalty to Andrey Pedan for Close Hand On Puck.
1:42 of 1st period - Karson Kuhlman wins face-off versus Colton Sissons in Rocket zone.
2:17 of 1st period - Off-side.
2:18 of 1st period - Colton Sissons wins face-off versus Karson Kuhlman in neutral zone.
2:42 of 1st period - Viktor Loov is hit by Aleksi Saarela and loses puck.
3:41 of 1st period - Penalty to Andrey Pedan is over, Andrey Pedan is back on ice.
3:53 of 1st period - Lucas Carlsson is hit by Peter Holland and loses puck.
5:01 of 1st period - Slapshot by Jeff Corbett.
5:01 of 1st period - Stopped by Igor Shesterkin without a rebound.
5:02 of 1st period - Ty Rattie wins face-off versus Matthew Highmore in Rocket zone.
6:33 of 1st period - Colton Sissons is hit by Ty Rattie and loses puck.
6:44 of 1st period - Wrist shot by Danton Heinen.
6:44 of 1st period - Stopped by Charlie Lindgren with a rebound.
6:50 of 1st period - Wrist shot by Danton Heinen.
6:50 of 1st period - Shot Misses the Net.
6:52 of 1st period - Slapshot by Andrey Pedan.
6:52 of 1st period - Deflect By Keaton Thompson.
6:52 of 1st period - Stopped by Charlie Lindgren with a rebound.
6:54 of 1st period - Snap shot by Danton Heinen.
6:54 of 1st period - Stopped by Charlie Lindgren with a rebound.
7:10 of 1st period - Keaton Thompson is hit by Corey Trivino and loses puck.
7:29 of 1st period - Dennis Gilbert is hit by Kole Sherwood and loses puck.
8:30 of 1st period - Slapshot by Martin Necas.
8:30 of 1st period - Stopped by Igor Shesterkin without a rebound.
8:31 of 1st period - Colton Sissons wins face-off versus Peter Holland in Rocket zone.
8:37 of 1st period - Minor Penalty to Brett Pesce for Hooking.
8:38 of 1st period - Colton Sissons wins face-off versus Corey Trivino in Marlies zone.
8:45 of 1st period - Icing by Andrei Mironov.
8:46 of 1st period - Colton Sissons wins face-off versus Corey Trivino in Rocket zone.
8:59 of 1st period - Backhand shot by Colton Sissons.
8:59 of 1st period - Stopped by Igor Shesterkin without a rebound.
9:00 of 1st period - Colton Sissons wins face-off versus Corey Trivino in Rocket zone.
10:37 of 1st period - Penalty to Brett Pesce is over, Brett Pesce is back on ice.
10:45 of 1st period - Otto Koivula is hit by Jiri Sekac and loses puck.
11:05 of 1st period - Wrist shot by Karson Kuhlman.
11:05 of 1st period - Stopped by Charlie Lindgren without a rebound.
11:06 of 1st period - Dominic Turgeon wins face-off versus Mathieu Olivier in Marlies zone.
11:13 of 1st period - Dominic Turgeon is hit by Dennis Gilbert and loses puck.
11:30 of 1st period - Pierre-Olivier Joseph is hit by Peter Holland and loses puck.
11:39 of 1st period - Slapshot by Adrian Kempe.
11:39 of 1st period - Stopped by Charlie Lindgren with a rebound.
11:41 of 1st period - Slapshot by Dylan DeMelo.
11:41 of 1st period - Shot Blocked by Tyler Benson.
11:57 of 1st period - Colton Sissons is hit by Scott Wilson and loses puck.
12:37 of 1st period - Wrist shot by Aleksi Saarela.
12:37 of 1st period - Shot Misses the Net.
12:49 of 1st period - Snap shot by Dominic Turgeon.
12:49 of 1st period - Shot Misses the Net.
12:51 of 1st period - Wrist shot by Dean Kukan.
12:51 of 1st period - Shot Misses the Net.
12:57 of 1st period - Wrist shot by Ty Rattie.
12:57 of 1st period - Stopped by Charlie Lindgren with a rebound.
12:59 of 1st period - Snap shot by Dominic Turgeon.
12:59 of 1st period - Deflect By Jiri Sekac.
12:59 of 1st period - Stopped by Charlie Lindgren without a rebound.
13:00 of 1st period - Colton Sissons wins face-off versus Peter Holland in Marlies zone.
13:00 of 1st period - Colton Sissons is hit by Dylan DeMelo.
13:26 of 1st period - Scott Wilson is hit by Lucas Carlsson.
13:33 of 1st period - Icing by Andrei Mironov.
13:34 of 1st period - Corey Trivino wins face-off versus Aleksi Saarela in Rocket zone.
13:39 of 1st period - Slapshot by Martin Necas.
13:39 of 1st period - Shot Blocked by Brandon Pirri.
13:41 of 1st period - Snap shot by Tyler Benson.
13:41 of 1st period - Shot Misses the Net.
13:59 of 1st period - Wrist shot by Nicholas Baptiste.
13:59 of 1st period - Stopped by Igor Shesterkin with a rebound.
14:01 of 1st period - Wrist shot by Valentin Zykov.
14:01 of 1st period - Stopped by Igor Shesterkin without a rebound.
14:02 of 1st period - Adrian Kempe wins face-off versus Colton Sissons in Rocket zone.
14:27 of 1st period - Snap shot by Nicholas Baptiste.
14:27 of 1st period - Stopped by Igor Shesterkin with a rebound.
14:29 of 1st period - Wrist shot by Nicholas Baptiste.
14:29 of 1st period - Shot Misses the Net.
14:31 of 1st period - Wrist shot by Colton Sissons.
14:31 of 1st period - Shot Misses the Net.
14:33 of 1st period - Snap shot by Valentin Zykov.
14:33 of 1st period - Stopped by Igor Shesterkin with a rebound.
15:25 of 1st period - Wrist shot by Valentin Zykov.
15:25 of 1st period - Shot Misses the Net.
15:29 of 1st period - Backhand shot by Nicholas Baptiste.
15:29 of 1st period - Deflect By Colton Sissons.
15:29 of 1st period - Shot Misses the Net.
15:29 of 1st period - Puck is out of play.
15:30 of 1st period - Corey Trivino wins face-off versus Aleksi Saarela in Rocket zone.
15:30 of 1st period - Corey Trivino is hit by Tyler Benson.
15:38 of 1st period - Wrist shot by Brandon Pirri.
15:38 of 1st period - Stopped by Charlie Lindgren with a rebound.
15:52 of 1st period - Minor Penalty to Scott Wilson for Roughing.
15:53 of 1st period - Aleksi Saarela wins face-off versus Karson Kuhlman in Rocket zone.
15:56 of 1st period - Snap shot by Aleksi Saarela.
15:56 of 1st period - Goal by Aleksi Saarela - Rocket : 0 - Marlies : 1.
15:57 of 1st period - Brandon Pirri wins face-off versus Aleksi Saarela in neutral zone.
16:04 of 1st period - Wrist shot by Scott Wilson.
16:04 of 1st period - Stopped by Charlie Lindgren with a rebound.
16:06 of 1st period - Snap shot by Corey Trivino.
16:06 of 1st period - Stopped by Charlie Lindgren with a rebound.
16:08 of 1st period - Slapshot by Scott Wilson.
16:08 of 1st period - Shot Blocked by Brett Pesce.
16:10 of 1st period - Slapshot by Brandon Pirri.
16:10 of 1st period - Stopped by Charlie Lindgren without a rebound.
16:11 of 1st period - Peter Holland wins face-off versus Colton Sissons in Marlies zone.
16:45 of 1st period - Slapshot by Scott Wilson.
16:45 of 1st period - Deflect By Corey Trivino.
16:45 of 1st period - Shot Blocked by Pierre-Olivier Joseph.
16:45 of 1st period - Puck is out of play.
16:46 of 1st period - Aleksi Saarela wins face-off versus Peter Holland in Marlies zone.
17:00 of 1st period - Icing by Aleksi Saarela.
17:01 of 1st period - Tyler Benson wins face-off versus Corey Trivino in Marlies zone.
17:12 of 1st period - Snap shot by Aleksi Saarela.
17:12 of 1st period - Shot Misses the Net.
17:18 of 1st period - Wrist shot by Martin Necas.
17:18 of 1st period - Stopped by Igor Shesterkin with a rebound.
17:24 of 1st period - Snap shot by Martin Necas.
17:24 of 1st period - Stopped by Igor Shesterkin with a rebound.
17:26 of 1st period - Slapshot by Jeff Corbett.
17:26 of 1st period - Stopped by Igor Shesterkin without a rebound.
17:27 of 1st period - Peter Holland wins face-off versus Colton Sissons in Rocket zone.
17:52 of 1st period - Nicholas Baptiste is hit by Andrei Mironov and loses puck.
18:44 of 1st period - Slapshot by Peter Holland.
18:44 of 1st period - Shot Hit the Post.
18:46 of 1st period - Snap shot by Peter Holland.
18:46 of 1st period - Deflect By Danton Heinen.
18:46 of 1st period - Stopped by Charlie Lindgren with a rebound.
18:48 of 1st period - Wrist shot by Adam Fox.
18:48 of 1st period - Stopped by Charlie Lindgren without a rebound.
18:49 of 1st period - Logan Brown wins face-off versus Peter Holland in Marlies zone.
19:14 of 1st period - Scott Wilson is hit by Brett Pesce and loses puck.
19:35 of 1st period - Snap shot by Nicholas Baptiste.
19:35 of 1st period - Shot Blocked by Ty Rattie.
19:37 of 1st period - Slapshot by Jeff Corbett.
19:37 of 1st period - Shot Misses the Net.
Goals for this period are 0 for Rocket vs 1 for Marlies.
Shots for this period are 13 for Rocket vs 13 for Marlies.
2nd period
0:01 of 2nd period - Colton Sissons wins face-off versus Peter Holland in neutral zone.
0:08 of 2nd period - Snap shot by Adam Fox.
0:08 of 2nd period - Shot Blocked by Pierre-Olivier Joseph.
0:27 of 2nd period - Brandon Pirri is hit by Martin Necas and loses puck.
0:32 of 2nd period - Wrist shot by Aleksi Saarela.
0:32 of 2nd period - Shot Misses the Net.
0:44 of 2nd period - Snap shot by Jeff Corbett.
0:44 of 2nd period - Stopped by Igor Shesterkin without a rebound.
0:45 of 2nd period - Dominic Turgeon wins face-off versus Alex Formenton in Rocket zone.
0:52 of 2nd period - Jeff Corbett is hit by Jiri Sekac and loses puck.
1:36 of 2nd period - Valentin Zykov is hit by Danton Heinen and loses puck.
1:53 of 2nd period - Snap shot by Brandon Pirri.
1:53 of 2nd period - Deflect By Pierre-Olivier Joseph.
1:53 of 2nd period - Shot Blocked by Pierre-Olivier Joseph.
1:53 of 2nd period - Puck is out of play.
1:54 of 2nd period - Matthew Highmore wins face-off versus Corey Trivino in Marlies zone.
1:59 of 2nd period - Backhand shot by Otto Koivula.
1:59 of 2nd period - Shot Misses the Net.
2:09 of 2nd period - Slapshot by Adam Fox.
2:09 of 2nd period - Shot Misses the Net.
2:19 of 2nd period - Peter Holland is hit by Valentin Zykov.
3:05 of 2nd period - Ty Rattie is hit by Logan Brown.
3:30 of 2nd period - Slapshot by Scott Wilson.
3:30 of 2nd period - Shot Misses the Net.
3:32 of 2nd period - Wrist shot by Viktor Loov.
3:32 of 2nd period - Stopped by Charlie Lindgren without a rebound.
3:33 of 2nd period - Colton Sissons wins face-off versus Peter Holland in Marlies zone.
3:59 of 2nd period - Jeff Corbett is hit by Viktor Loov and loses puck.
4:23 of 2nd period - Brandon Pirri is hit by Pierre-Olivier Joseph and loses puck.
5:08 of 2nd period - Tobias Lindberg is hit by Danton Heinen and loses puck.
5:20 of 2nd period - Peter Holland is hit by Matthew Highmore and loses puck.
5:33 of 2nd period - Snap shot by Peter Holland.
5:33 of 2nd period - Shot Blocked by Matthew Highmore.
5:35 of 2nd period - Wrist shot by Adrian Kempe.
5:35 of 2nd period - Shot Misses the Net.
6:07 of 2nd period - Slapshot by Adrian Kempe.
6:07 of 2nd period - Stopped by Charlie Lindgren without a rebound.
6:08 of 2nd period - Colton Sissons wins face-off versus Corey Trivino in Marlies zone.
6:15 of 2nd period - Wrist shot by Valentin Zykov.
6:15 of 2nd period - Shot Misses the Net.
6:17 of 2nd period - Snap shot by Colton Sissons.
6:17 of 2nd period - Shot Blocked by Brandon Pirri.
6:19 of 2nd period - Slapshot by Colton Sissons.
6:19 of 2nd period - Stopped by Igor Shesterkin without a rebound.
6:20 of 2nd period - Colton Sissons wins face-off versus Brandon Pirri in Rocket zone.
6:24 of 2nd period - Minor Penalty to Scott Wilson for Hooking.
6:25 of 2nd period - Colton Sissons wins face-off versus Karson Kuhlman in Rocket zone.
6:51 of 2nd period - Martin Necas is hit by Adrian Kempe and loses puck.
7:32 of 2nd period - Snap shot by Adrian Kempe.
7:32 of 2nd period - Shot Blocked by Keaton Thompson.
7:48 of 2nd period - Wrist shot by Brandon Pirri.
7:48 of 2nd period - Stopped by Charlie Lindgren without a rebound.
7:49 of 2nd period - Corey Trivino wins face-off versus Colton Sissons in Marlies zone.
8:24 of 2nd period - Penalty to Scott Wilson is over, Scott Wilson is back on ice.
9:04 of 2nd period - Snap shot by Corey Trivino.
9:04 of 2nd period - Goal by Corey Trivino - Rocket : 1 - Marlies : 1.
9:05 of 2nd period - Colton Sissons wins face-off versus Peter Holland in neutral zone.
10:11 of 2nd period - Karson Kuhlman is hit by Tobias Lindberg and loses puck.
11:03 of 2nd period - Snap shot by Brandon Pirri.
11:03 of 2nd period - Shot Misses the Net.
11:05 of 2nd period - Backhand shot by Corey Trivino.
11:05 of 2nd period - Stopped by Charlie Lindgren with a rebound.
11:07 of 2nd period - Wrist shot by Andrei Mironov.
11:07 of 2nd period - Shot Misses the Net.
11:29 of 2nd period - Dean Kukan is hit by Alex Formenton and loses puck.
11:46 of 2nd period - Wrist shot by Valentin Zykov.
11:46 of 2nd period - Stopped by Igor Shesterkin with a rebound.
11:48 of 2nd period - Slapshot by Lucas Carlsson.
11:48 of 2nd period - Stopped by Igor Shesterkin with a rebound.
12:04 of 2nd period - Lucas Carlsson is hit by Danton Heinen and loses puck.
12:09 of 2nd period - Wrist shot by Danton Heinen.
12:09 of 2nd period - Stopped by Charlie Lindgren without a rebound.
12:10 of 2nd period - Peter Holland wins face-off versus Aleksi Saarela in Marlies zone.
12:23 of 2nd period - Wrist shot by Danton Heinen.
12:23 of 2nd period - Shot Misses the Net.
12:40 of 2nd period - Snap shot by Corey Trivino.
12:40 of 2nd period - Stopped by Charlie Lindgren with a rebound.
12:42 of 2nd period - Wrist shot by Brandon Pirri.
12:42 of 2nd period - Goal by Brandon Pirri - Rocket : 2 - Marlies : 1.
12:43 of 2nd period - Peter Holland wins face-off versus Colton Sissons in neutral zone.
12:52 of 2nd period - Snap shot by Peter Holland.
12:52 of 2nd period - Shot Misses the Net.
13:04 of 2nd period - Minor Penalty to Pierre-Olivier Joseph for Hooking.
13:05 of 2nd period - Colton Sissons wins face-off versus Corey Trivino in Marlies zone.
14:53 of 2nd period - Corey Trivino is hit by Brett Pesce and loses puck.
15:00 of 2nd period - Danton Heinen is hit by Tyler Benson and loses puck.
15:04 of 2nd period - Penalty to Pierre-Olivier Joseph is over, Pierre-Olivier Joseph is back on ice.
16:30 of 2nd period - Corey Trivino is hit by Brett Pesce and loses puck.
17:50 of 2nd period - Nicholas Baptiste is hit by Danton Heinen and loses puck.
17:57 of 2nd period - Danton Heinen is hit by Valentin Zykov and loses puck.
19:00 of 2nd period - Keaton Thompson is hit by Danton Heinen and loses puck.
19:11 of 2nd period - Scott Wilson is hit by Martin Necas and loses puck.
19:42 of 2nd period - Snap shot by Colton Sissons.
19:42 of 2nd period - Shot Misses the Net.
19:44 of 2nd period - Slapshot by Nicholas Baptiste.
19:44 of 2nd period - Goal by Nicholas Baptiste - Rocket : 2 - Marlies : 2.
19:45 of 2nd period - Peter Holland wins face-off versus Colton Sissons in neutral zone.
19:52 of 2nd period - Wrist shot by Adrian Kempe.
19:52 of 2nd period - Deflect By Peter Holland.
19:52 of 2nd period - Stopped by Charlie Lindgren with a rebound.
Goals for this period are 2 for Rocket vs 1 for Marlies.
Shots for this period are 9 for Rocket vs 5 for Marlies.
3rd period
0:01 of 3rd period - Peter Holland wins face-off versus Colton Sissons in neutral zone.
0:16 of 3rd period - Valentin Zykov is hit by Dylan DeMelo and loses puck.
0:28 of 3rd period - Off-side.
0:29 of 3rd period - Aleksi Saarela wins face-off versus Corey Trivino in neutral zone.
0:34 of 3rd period - Brandon Pirri is hit by Martin Necas and loses puck.
0:55 of 3rd period - Viktor Loov is hit by Nicholas Baptiste and loses puck.
1:04 of 3rd period - Backhand shot by Colton Sissons.
1:04 of 3rd period - Stopped by Igor Shesterkin without a rebound.
1:05 of 3rd period - Corey Trivino wins face-off versus Logan Brown in Rocket zone.
1:18 of 3rd period - Slapshot by Logan Brown.
1:18 of 3rd period - Stopped by Igor Shesterkin with a rebound.
1:42 of 3rd period - Backhand shot by Logan Brown.
1:42 of 3rd period - Shot Misses the Net.
2:02 of 3rd period - Slapshot by Brett Pesce.
2:02 of 3rd period - Shot Misses the Net.
2:04 of 3rd period - Slapshot by Mathieu Olivier.
2:04 of 3rd period - Shot Blocked by Dominic Turgeon.
2:06 of 3rd period - Snap shot by Alex Formenton.
2:06 of 3rd period - Shot Blocked by Andrey Pedan.
2:12 of 3rd period - Slapshot by Pierre-Olivier Joseph.
2:12 of 3rd period - Shot Blocked by Dean Kukan.
2:14 of 3rd period - Slapshot by Pierre-Olivier Joseph.
2:14 of 3rd period - Stopped by Igor Shesterkin with a rebound.
2:23 of 3rd period - Icing by Andrey Pedan.
2:24 of 3rd period - Dominic Turgeon wins face-off versus Colton Sissons in Rocket zone.
2:31 of 3rd period - Snap shot by Jiri Sekac.
2:31 of 3rd period - Stopped by Charlie Lindgren with a rebound.
2:42 of 3rd period - Slapshot by Andrey Pedan.
2:42 of 3rd period - Shot Misses the Net.
2:44 of 3rd period - Minor Penalty to Valentin Zykov for Cross-checking.
2:45 of 3rd period - Colton Sissons wins face-off versus Corey Trivino in Marlies zone.
3:12 of 3rd period - Lucas Carlsson is hit by Scott Wilson and loses puck.
4:41 of 3rd period - Jeff Corbett is hit by Danton Heinen and loses puck.
4:44 of 3rd period - Penalty to Valentin Zykov is over, Valentin Zykov is back on ice.
4:59 of 3rd period - Brett Pesce is hit by Andrei Mironov and loses puck.
5:56 of 3rd period - Dean Kukan is hit by Mathieu Olivier and loses puck.
6:25 of 3rd period - Nicholas Baptiste is hit by Karson Kuhlman and loses puck.
8:10 of 3rd period - Snap shot by Peter Holland.
8:10 of 3rd period - Shot Misses the Net.
8:12 of 3rd period - Slapshot by Adrian Kempe.
8:12 of 3rd period - Stopped by Charlie Lindgren without a rebound.
8:13 of 3rd period - Aleksi Saarela wins face-off versus Peter Holland in Marlies zone.
8:34 of 3rd period - Pierre-Olivier Joseph is hit by Adrian Kempe and loses puck.
8:41 of 3rd period - Snap shot by Danton Heinen.
8:41 of 3rd period - Stopped by Charlie Lindgren with a rebound.
9:05 of 3rd period - Slapshot by Martin Necas.
9:05 of 3rd period - Shot Blocked by Adam Fox.
9:17 of 3rd period - Snap shot by Tyler Benson.
9:17 of 3rd period - Shot Misses the Net.
10:17 of 3rd period - Slapshot by Dylan DeMelo.
10:17 of 3rd period - Shot Blocked by Brett Pesce.
10:19 of 3rd period - Slapshot by Adam Fox.
10:19 of 3rd period - Deflect By Adrian Kempe.
10:19 of 3rd period - Shot Misses the Net.
10:19 of 3rd period - Puck is out of play.
10:20 of 3rd period - Corey Trivino wins face-off versus Colton Sissons in Marlies zone.
10:23 of 3rd period - Slapshot by Scott Wilson.
10:23 of 3rd period - Shot Misses the Net.
11:12 of 3rd period - Double Minor Penalty to Jiri Sekac for Roughing.
11:13 of 3rd period - Nicholas Baptiste wins face-off versus Karson Kuhlman in Rocket zone.
11:51 of 3rd period - Snap shot by Keaton Thompson.
11:51 of 3rd period - Shot Misses the Net.
13:34 of 3rd period - Karson Kuhlman is hit by Dennis Gilbert and loses puck.
15:12 of 3rd period - Penalty to Jiri Sekac is over, Jiri Sekac is back on ice.
15:26 of 3rd period - Tyler Benson is hit by Adam Fox and loses puck.
15:53 of 3rd period - Snap shot by Lucas Carlsson.
15:53 of 3rd period - Stopped by Igor Shesterkin with a rebound.
15:55 of 3rd period - Slapshot by Dennis Gilbert.
15:55 of 3rd period - Shot Blocked by Adam Fox.
15:57 of 3rd period - Snap shot by Lucas Carlsson.
15:57 of 3rd period - Stopped by Igor Shesterkin without a rebound.
15:58 of 3rd period - Matthew Highmore wins face-off versus Peter Holland in Rocket zone.
16:31 of 3rd period - Slapshot by Brett Pesce.
16:31 of 3rd period - Stopped by Igor Shesterkin with a rebound.
16:33 of 3rd period - Wrist shot by Otto Koivula.
16:33 of 3rd period - Stopped by Igor Shesterkin without a rebound.
16:34 of 3rd period - Colton Sissons wins face-off versus Dominic Turgeon in Rocket zone.
19:02 of 3rd period - Ty Rattie is hit by Brett Pesce and loses puck.
19:12 of 3rd period - Minor Penalty to Brett Pesce for Slashing.
19:13 of 3rd period - Colton Sissons wins face-off versus Danton Heinen in Marlies zone.
19:47 of 3rd period - Wrist shot by Scott Wilson.
19:47 of 3rd period - Stopped by Charlie Lindgren with a rebound.
19:49 of 3rd period - Snap shot by Scott Wilson.
19:49 of 3rd period - Stopped by Charlie Lindgren without a rebound.
19:50 of 3rd period - Corey Trivino wins face-off versus Logan Brown in Marlies zone.
Goals for this period are 0 for Rocket vs 0 for Marlies.
Shots for this period are 5 for Rocket vs 7 for Marlies.
Overtime #1
0:01 of 1st overtime period - Colton Sissons wins face-off versus Peter Holland in neutral zone.
0:12 of 1st overtime period - Snap shot by Colton Sissons.
0:12 of 1st overtime period - Stopped by Igor Shesterkin without a rebound.
0:13 of 1st overtime period - Peter Holland wins face-off versus Colton Sissons in Rocket zone.
0:13 of 1st overtime period - Peter Holland is hit by Colton Sissons.
0:23 of 1st overtime period - Slapshot by Viktor Loov.
0:23 of 1st overtime period - Stopped by Charlie Lindgren without a rebound.
0:24 of 1st overtime period - Colton Sissons wins face-off versus Peter Holland in Marlies zone.
1:06 of 1st overtime period - Off-side.
1:07 of 1st overtime period - Logan Brown wins face-off versus Corey Trivino in neutral zone.
1:12 of 1st overtime period - Penalty to Brett Pesce is over, Brett Pesce is back on ice.
1:12 of 1st overtime period - Wrist shot by Logan Brown.
1:12 of 1st overtime period - Shot Misses the Net.
1:18 of 1st overtime period - Slapshot by Viktor Loov.
1:18 of 1st overtime period - Shot Misses the Net.
1:31 of 1st overtime period - Icing by Lucas Carlsson.
1:32 of 1st overtime period - Logan Brown wins face-off versus Peter Holland in Marlies zone.
1:41 of 1st overtime period - Wrist shot by Danton Heinen.
1:41 of 1st overtime period - Shot Blocked by Colton Sissons.
2:15 of 1st overtime period - Slapshot by Brandon Pirri.
2:15 of 1st overtime period - Stopped by Charlie Lindgren without a rebound.
2:16 of 1st overtime period - Aleksi Saarela wins face-off versus Adrian Kempe in Marlies zone.
2:21 of 1st overtime period - Andrei Mironov is hit by Logan Brown and loses puck.
2:40 of 1st overtime period - Wrist shot by Brandon Pirri.
2:40 of 1st overtime period - Goal by Brandon Pirri - Rocket : 3 - Marlies : 2.
Goals for this period are 1 for Rocket vs 0 for Marlies.
Shots for this period are 3 for Rocket vs 1 for Marlies.